 Dungeon Crawl Stone Soup version 0.31.0-32-g396128a36d (webtiles) character file.

Game seed: 7734963350764428086

4184 spaghetti the Covert (level 10, -5/66 (84) HPs)
             Began as a Naga Chaos Knight on Mar 15, 2024.
             Was a Plaything of Xom.
             Slain by a death yak (12 damage)
             ... on level 9 of the Dungeon.
             The game lasted 00:14:27 (8638 turns).

spaghetti the Covert (Naga Chaos Knight)            Turns: 8638, Time: 00:14:27

HP:   -5/66 (84)    AC: 15    Str: 12 (13) XL:     10   Next: 29%
MP:   0/17          EV:  7    Int: 17      God:    Xom [...*..]
Gold: 359           SH:  0    Dex: 15 (16) Spells: 9/18 levels left

rFire   . . .        q - +1 dagger (venom)
rCold   . . .        (no shield)
rNeg    . . .        k - +2 ring mail {rPois}
rPois   +            (no helmet)
rElec   .            l - +0 cloak
rCorr   .            (no gloves)
SInv    +            j - +2 barding
Will    +....        (no amulet)
Stlth   +++          g - +6 ring of dexterity
HPRegen 0.31/turn    (no ring)
MPRegen 0.15/turn

%: random rage (3%)
@: heavily drained, very slow
A: AC +3, large, see invisible, deformed body, poison resistance, slowness 2,
spit poison 1, naga tail 1, stinger 1, berserk 1, deterioration 1, weak 1, no
potion heal 1, MP-powered wands
a: Spit Poison, Renounce Religion


You were on level 9 of the Dungeon.
You worshipped Xom.
You were a favourite toy of Xom.
You visited 1 branch of the dungeon, and saw 9 of its levels.

You collected 359 gold pieces.

Inventory:

Hand Weapons
 q - a +1 dagger of venom (weapon)
 r - a +2 whip of venom
Missiles
 i - 3 throwing nets
Armour
 b - a +2 leather armour
 j - a +2 barding (worn)
 k - a +2 ring mail of poison resistance (worn)
 l - a +0 cloak (worn)
Jewellery
 g - a +6 ring of dexterity (left hand)
Talismans
 a - a storm talisman
 s - a blade talisman
Wands
 d - a wand of flame (28)
 p - a wand of polymorph (5)
 u - a wand of paralysis (12)
 v - a wand of light (9)
Scrolls
 c - a scroll of torment
 n - a scroll of poison
 t - 2 scrolls of identify
 w - a scroll of enchant weapon
Potions
 e - 2 potions of brilliance
 f - 2 potions of curing
 o - 2 potions of enlightenment
Miscellaneous
 x - a phial of floods (inert)


   Skills:
 - Level 3.0 Fighting
 - Level 3.0 Short Blades
 - Level 2.4 Armour
 - Level 2.7 Dodging
 - Level 8.5 Stealth
 + Level 4.9 Spellcasting
 - Level 5.0 Summonings
 + Level 6.3 Ice Magic
 + Level 7.4 Alchemy
 - Level 5.0 Evocations


You had 9 spell levels left.
You knew the following spells:

 Your Spells              Type           Power      Damage    Failure   Level
a - Summon Ice Beast      Ice/Summ       23%        N/A       10%         3
b - Sculpt Simulacrum     Ice/Alch       13%        N/A       96%         6

Your spell library contained the following spells:

 Spells                   Type           Power      Damage    Failure   Level
 Hailstorm                Conj/Ice       14%        3d6       26%         3
 Kiss of Death            Conj/Necr      16%        2d6       32%         1
 Sticky Flame             Fire/Alch      16%        2d5       56%         4
 Confusing Touch          Hex            4%         N/A       67%         3
 Inner Flame              Hex/Fire       4%         N/A       67%         3
 Summon Blazeheart Golem  Fire/Summ      12%        N/A       75%         4
 Dispel Undead            Necr           4%         3d7       97%         4
 Flame Wave               Conj/Fire      4%         2d5       97%         4
 Orb of Destruction       Conj           2%         9d5       100%        7
 Spellforged Servitor     Conj/Summ      6%         N/A       100%        7


Dungeon Overview and Level Annotations

Branches:
Dungeon (9/15)             Temple (0/1) D:5            Lair (0/5) D:9
    Orc: D:9-12

Altars:
Nemelex Xobeh
Ru
Vehumet
Xom
Yredelemnul

Shops:
D:8 :

Annotations:
D:4 2 transporters, PaiMei's ghost, amateur TeAE


Innate Abilities, Weirdness & Mutations

Your serpentine skin is tough. (AC +3)
You have supernaturally acute eyesight. (SInv)
Armour fits poorly on your strangely shaped body.
Your system is resistant to poisons. (rPois)
You cover ground very slowly.
You can spit poison.
You have a snake-like lower body.
Your tail ends in a venomous barb.
You sometimes lose your temper in combat.
Your body sometimes deteriorates upon taking damage.
You are weak. (Str -2)
Potions are less effective at restoring your health.
You expend magic power (3 MP) to strengthen your wands.


Message History

You don't have enough magic to cast this spell.
As you read the scroll of fear, it crumbles to dust.
You assume a fearsome visage.
The death yak looks frightened! x2
Your ice beast hits the death yak but does no damage.
The death yak gores your ice beast!!
You hit the death yak.
The death yak is poisoned.
Your attack snaps the death yak out of its fear.
The death yak is lightly wounded.
Your ice beast hits the death yak.
Your ice beast freezes the death yak!
The yak barely misses your ice beast. The death yak gores you!
* * * LOW HITPOINT WARNING * * *
Your body deteriorates!
You feel clumsy.
Your ice beast hits the death yak.
Your ice beast freezes the death yak!
The yak gores your ice beast but does no damage.
The death yak attacks as it pursues you!
The death yak gores you.
* * * LOW HITPOINT WARNING * * *
Aim the phial where?
Press: ? - help, Shift-Dir - straight line, f - death yak
Aim: a death yak (heavily wounded, very poisoned, ally target, 91% to hit)
The torrent of water hits the death yak!!
The death yak is severely wounded.
The death yak is knocked back by the torrent of water.
The death yak collides with your ice beast!
Your ice beast is almost dead.
The death yak is severely wounded.
The death yak is engulfed in water.
The wave splashes down.
Splash!
You fall into the shallow water.
Your ice beast disappears in a puff of smoke!
You hear a shout! x2; You hear a loud, deep croak!
Aiming: Bolt of Light
Press: ? - help, Shift-Dir - straight line, f - yak, p - death yak
Aim: a yak (84% to hit)
The bolt of light hits the death yak!
The death yak is almost dead.
The death yak is blinded.
The bolt of light hits the yak!!
The yak is heavily wounded.
The yak is blinded.
The death yak gores you!
You die...

##.###.....#
#.# .....Y(Y
###...####.###
#.# ##g
#...#......#
#.# ###gY
#.#...######
#.# #YY.ยง
#.##.## #.#
#Y#.. #.##.#
#.# #Y###
#.##.# #.# #.#
#....# #~#
#####.# ######
#@# #.Y...#
#Y# #Y#####
#Y# ##.##
#~#######...#
#..YYY......#
#########...#
#####


You could see a death yak (blind, unable to see you, very poisoned, waterlogged)
and a yak (blind, unable to see you).

Vanquished Creatures
  A centaur warrior (D:8)
  Jeremiah (D:8)
  A hornet (D:7)
  Eustachio (D:6)
  A wyvern (shapeshifter) (D:7)
  A steam dragon (D:6)
  A sky beast (D:7)
  An ice beast (D:5)
  An orc warrior (D:8)
  4 centaurs
  A wolf (D:8)
  A kobold brigand (D:4)
  3 bullfrogs
  8 wights
  A bombardier beetle (D:6)
  3 howler monkeys (D:7)
  A jelly (D:6)
  2 orc priests (D:5)
  4 hounds
  2 iguanas
  2 orc wizards (D:6)
  17 gnolls
  12 adders
  A shadow imp (D:7)
  2 white imps
  3 ufetubi
  3 dart slugs
  3 ribbon worms
  24 orcs
  6 endoplasms
  2 giant cockroaches
  5 goblins
  5 hobgoblins
  3 jackals (D:2)
  9 quokkas
  6 ball pythons
  4 bats (D:2)
  6 frilled lizards
  16 kobolds
  8 rats
176 creatures vanquished.

Vanquished Creatures (collateral kills)
  Grum (D:8)
  A wolf (D:8)
  A scorpion (D:6)
  A wight (D:7)
  A jelly (D:7)
  A howler monkey (D:7)
  An iguana (D:7)
  A nameless horror (D:8)
  An orc (D:6)
  A ball python (D:1)
  A kobold (D:1)
11 creatures vanquished.

Vanquished Creatures (others)
  A frilled lizard (D:4)
1 creature vanquished.

Grand Total: 188 creatures vanquished

Notes
Turn   | Place    | Note
-------+----------+-------------------------------------------
     0 | D:1      | spaghetti the Naga Chaos Knight began the quest for the
                  | Orb.
     0 | D:1      | Reached XP level 1. HP: 21/21 MP: 1/1
   117 | D:1      | Reached skill level 1 in Dodging
   117 | D:1      | Reached skill level 1 in Stealth
   143 | D:1      | Reached XP level 2. HP: 28/28 MP: 2/2
   151 | D:1      | Reached skill level 2 in Stealth
   772 | D:2      | Reached XP level 3. HP: 34/34 MP: 3/3
   812 | D:2      | XOM: confuse monster(s)
   813 | D:2      | Reached skill level 3 in Stealth
  1097 | D:2      | Learned a level 3 spell: Summon Ice Beast
  1115 | D:2      | XOM: noise
  1125 | D:2      | Reached XP level 4. HP: 35/42 MP: 5/5
  1390 | D:2      | Reached skill level 1 in Spellcasting
  1682 | D:3      | XOM: noise
  1691 | D:3      | XOM: divination: detect creatures
  1692 | D:3      | XOM: noise
  1817 | D:3      | Found a sparkling altar of Nemelex Xobeh.
  1817 | D:3      | XOM: 4-stop teleportation journey
  2134 | D:3      | XOM: 1-stop teleportation journey
  2148 | D:3      | XOM: god gift: 5 stones
  2199 | D:3      | Reached skill level 4 in Stealth
  2290 | D:4      | Reached XP level 5. HP: 49/49 MP: 6/6
  2347 | D:4      | Reached skill level 1 in Summonings
  2347 | D:4      | Reached skill level 1 in Ice Magic
  2536 | D:4      | Noticed a small abomination
  2546 | D:4      | Found a transporter.
  2583 | D:4      | XOM: confuse monster(s)
  2584 | D:4      | Reached XP level 6. HP: 20/56 MP: 8/8
  2694 | D:4      | XOM: give mutations
  2694 | D:4      | Gained mutation: You are weak. (Str -2) [Xom's mischief]
  2694 | D:4      | Gained mutation: You sometimes lose your temper in combat.
                  | [Xom's mischief]
  2833 | D:4      | Reached skill level 5 in Stealth
  2856 | D:4      | Found a transporter.
  2867 | D:4      | Noticed PaiMei's ghost (amateur TeAE)
  2937 | D:4      | XOM: 5-stop teleportation journey
  3543 | D:4      | XOM: summons 4 hostile demons
  3648 | D:4      | XOM: give mutations
  3648 | D:4      | Gained mutation: Your body sometimes deteriorates upon
                  | taking damage. [Xom's mischief]
  3648 | D:4      | Gained mutation: You have an increased reservoir of magic.
                  | (+10% MP) [Xom's mischief]
  3730 | D:5      | Entered Level 5 of the Dungeon
  3755 | D:5      | Reached XP level 7. HP: 62/62 MP: 11/11
  3805 | D:5      | XOM: enchant monster (good)
  3806 | D:5      | XOM: polymorph black bear -> hound
  3876 | D:5      | Learned a level 6 spell: Sculpt Simulacrum
  3984 | D:5      | Reached skill level 1 in Alchemy
  4021 | D:5      | Reached skill level 6 in Stealth
  4279 | D:5      | Found a sacrificial altar of Ru.
  4312 | D:5      | XOM: give mutations
  4312 | D:5      | Lost mutation: You have an increased reservoir of magic.
                  | (+10% MP) [Xom's mischief]
  4312 | D:5      | Gained mutation: Potions are less effective at restoring
                  | your health. [Xom's mischief]
  4325 | D:5      | Found a staircase to the Ecumenical Temple.
  4595 | D:6      | Found a basalt altar of Yredelemnul.
  4597 | D:6      | Found a radiant altar of Vehumet.
  4767 | D:6      | XOM: polymorph white imp -> ufetubus
  4783 | D:6      | XOM: 1-stop teleportation journey
  4842 | D:6      | XOM: summons 7 friendly demons
  4845 | D:6      | Reached XP level 8. HP: 67/69 MP: 12/12
  4952 | D:6      | XOM: cloud trail
  5387 | D:6      | Noticed Eustachio
  5388 | D:6      | XOM: swap monsters
  5415 | D:6      | Killed Eustachio
  5416 | D:6      | Reached skill level 7 in Stealth
  5506 | D:6      | XOM: butterfly on damage
  5576 | D:6      | XOM is BORED!
  5576 | D:6      | XOM: summons 3 hostile shadow creatures
  5621 | D:6      | XOM: cloud trail
  5792 | D:6      | XOM: polymorph gnoll sergeant -> goblin
  6038 | D:7      | XOM: 1-stop teleportation journey
  6094 | D:7      | a kobold brigand changed into a shapeshifter
  6094 | D:7      | Noticed a shapeshifter (shapeshifter)
  6094 | D:7      | XOM: polymorph kobold brigand -> shapeshifter
  6095 | D:7      | a shapeshifter changed into a fire bat
  6110 | D:7      | a steam dragon changed into a wyvern
  6110 | D:7      | Noticed a wyvern (shapeshifter)
  6119 | D:7      | Killed a wyvern
  6120 | D:7      | Reached skill level 8 in Stealth
  6120 | D:7      | Reached XP level 9. HP: 22/75 MP: 15/15
  6360 | D:7      | XOM: fog
  6363 | D:7      | XOM: chaos upgrade
  6541 | D:7      | Reached skill level 5 in Alchemy
  6699 | D:7      | XOM: scenery: 1 doors close
  6721 | D:7      | Reached skill level 1 in Evocations
  6787 | D:7      | Noticed a hornet
  6792 | D:7      | Killed a hornet
  7316 | D:8      | XOM: give mutations
  7316 | D:8      | Gained mutation: You expend magic power (3 MP) to
                  | strengthen your wands. [Xom's grace]
  7316 | D:8      | Gained mutation: You have an increased reservoir of magic.
                  | (+10% MP) [Xom's grace]
  7316 | D:8      | Gained mutation: Your tail ends in a venomous barb. [Xom's
                  | grace]
  7452 | D:8      | XOM: scenery: create altars
  7455 | D:8      | XOM: confuse monster(s)
  7526 | D:8      | Noticed Jeremiah
  7534 | D:8      | Killed Jeremiah
  7535 | D:8      | Reached skill level 5 in Evocations
  7702 | D:8      | Found Cuytox's Self-Published Books.
  7707 | D:8      | Noticed Grum
  7715 | D:8      | Reached skill level 5 in Summonings
  7715 | D:8      | Reached skill level 5 in Ice Magic
  7716 | D:8      | Killed Grum
  7717 | D:8      | Reached XP level 10. HP: 57/84 MP: 10/18
  7763 | D:8      | Noticed a centaur warrior
  7767 | D:8      | Killed a centaur warrior
  7794 | D:8      | XOM: give mutation
  7794 | D:8      | Lost mutation: You have an increased reservoir of magic.
                  | (+10% MP) [Xom's mischief]
  7934 | D:8      | XOM: divination: detect creatures
  8523 | D:9      | Identified the +1 hand axe of Interdependent Arising
                  | {flame, rF+ Will+ Str+3}
  8598 | D:9      | Found a staircase to the Lair.
  8598 | D:9      | Noticed a death yak
  8600 | D:9      | Noticed a death yak
  8601 | D:9      | Noticed a death yak
  8605 | D:9      | XOM: butterfly on damage
  8638 | D:9      | Slain by a death yak

Illustrated notes

Levels and vault maps discovered:
D:1:      dpeg_arrival_erosion, layout_basic, st_stairs_11
D:2:      minmay_angry_zag, layout_basic
D:3:      layout_basic, nemelex_xobeh_ov_fountains_minmay
D:4:      layout_loops_corners, gammafunk_ghost_abyssal_escape,
          lexackson_kobold_supper
D:5:      layout_gridville, nicolae_ru_sacrificial_ziggurat,
          minmay_temple_entry_gardened_gates
D:6:      layout_basic, grunt_temple_overflow_open, uniq_eustachio
D:7:      layout_basic
D:8:      layout_basic, small_chamber_with_monster, nicolae_custom_books,
          uniq_jeremiah, uniq_grum
D:9:      layout_loops_ring, dpeg_lair_monsters, serial_shops, shop,
          nicolae_have_a_lightning_rod, uniq_erolcha

Skill      XL: |  1  2  3  4  5  6  7  8  9 10 |
---------------+-------------------------------+-----
Dodging        | 1 2 |  2.7
Stealth        | 1 2 3 4 5 6 8 |  8.5
Spellcasting   | 1 2 3 4 |  4.9
Summonings     | 1 2 3 4 5 |  5.0
Ice Magic      | 1 2 3 4 5 6 |  6.3
Armour         | 2 |  2.4
Alchemy        | 2 4 6 7 |  7.4
Evocations     | 5 |  5.0
Fighting       | |  3.0
Short Blades   | |  3.0

Action                     |  1- 3 |  4- 6 |  7- 9 | 10-12 || total
---------------------------+-------+-------+-------+-------++-------
  Melee: Short sword       |   125 |    38 |       |       ||   163
         Punch             |     2 |     2 |     3 |       ||     7
         Flail             |       |    49 |       |       ||    49
         Dagger            |       |   139 |   370 |    29 ||   538
         Unarmed           |       |       |     7 |       ||     7
   Cast: Summon Ice Beast  |       |       |    23 |    13 ||    36
Ability: Spit Poison       |     3 |     3 |     6 |       ||    12
  Evoke: Wand              |       |       |     1 |    17 ||    18
         Phial of floods   |       |       |       |     1 ||     1
    Use: Scroll            |     2 |     5 |     4 |     1 ||    12
         Potion            |     4 |     3 |     4 |     1 ||    12
   Stab: Sleeping          |     2 |    12 |     6 |       ||    20
         Distracted        |     1 |       |     3 |       ||     4
         Invisible         |       |     2 |     2 |       ||     4
         Confused          |       |     1 |     1 |       ||     2
 Armour: Leather armour    |    53 |   105 |       |       ||   158
         Ring mail         |       |    47 |   483 |    50 ||   580
         Skin              |       |     8 |    13 |       ||    21
  Dodge: Dodged            |    75 |    77 |   223 |    16 ||   391
